Map: Catalyst LE

Players

PasT - Winner!

  • Race: Zerg Zerg
  • League: Master
  • Spawn Location: 5:00

SKultra

  • Race: Protoss Protoss
  • League: Master
  • Spawn Location: 11:00

VOD

Have the link to the VOD?

Description

Time

  • Played on: April 23, 2018, 8:40 a.m.
  • Length: 22:12
Show
View Real Time Build Order
Export as new Build Order

PasT Zerg - Winner!

Build Orders: Hatch First, Lurkers 

Get SALT Encoding   

  12  0:02  Drone  
  13  0:12  Overlord  
  13  0:18  Drone  
  14  0:31  Drone x2  
  16  0:49  Hatchery  
  15  0:52  Drone  
  16  0:59  Drone  
  17  1:10  Spawning Pool  
  16  1:12  Extractor  
  16  1:15  Drone  
  16  1:23  Drone x2  
  18  1:28  Drone  
  19  1:38  Overlord  
  19  1:49  Drone  
  20  1:57  Queen  
  20  2:00  Zergling x2  
  23  2:01  Queen  
  23  2:04  Drone  
  26  2:14  Metabolic Boost  
  27  2:15  Zergling x2  
  27  2:20  Drone  
  27  2:21  Drone  
  29  2:23  Drone  
  30  2:34  Drone x2  
  32  2:39  Queen  
  32  2:43  Drone  
  35  2:58  Hatchery  
  35  3:00  Overlord x2  
  35  3:04  Drone  
  35  3:05  Drone  
  36  3:18  Drone, Queen  
  39  3:20  Drone x2  
  39  3:21  Drone x2  
  39  3:24  Drone  
  44  3:28  Extractor  
  44  3:31  Spore Crawler  
  44  3:33  Spore Crawler  
  40  3:42  Drone  
  40  3:45  Roach Warren  
  40  3:49  Overlord  
  40  4:26  Roach x9  
  40  4:27  Roach x3  
  40  4:28  Overlord  
  40  4:29  Overlord  
  64  4:39  Overlord  
  63  4:51  Zergling x16  
  71  4:55  Drone  
  71  4:56  Drone  
  73  5:05  Drone x3  
  73  5:06  Drone  
  77  5:07  Drone x2  
  77  5:09  Drone  
  70  5:45  Lair  
  70  5:46  Drone x5  
  70  5:47  Drone x7  
  70  5:50  Spore Crawler  
  70  5:51  Spore Crawler  
  58  6:09  Drone  
  58  6:10  Drone x3  
  62  6:13  Extractor  
  62  6:15  Evolution Chamber, Drone x3  
  62  6:16  Evolution Chamber, Drone x2  
  62  6:17  Drone, Extractor  
  64  6:24  Extractor  
  63  6:29  Spore Crawler  
  63  6:30  Drone x3  
  63  6:31  Drone x2, Spore Crawler  
  63  6:32  Drone  
  67  6:46  Zerg Ground Armor Level 1, Zerg Missile Weapons Level 1  
  67  6:50  Baneling Nest, Hydralisk Den  
  67  6:52  Drone x4  
  67  6:53  Drone  
  67  6:54  Drone  
  71  7:02  Overlord  
  71  7:03  Overlord x2  
  71  7:04  Overlord  
  71  7:05  Overlord x3  
  71  7:21  Hydralisk x7  
  85  7:25  Muscular Augments  
  85  7:28  Hatchery, Lurker Den  
  83  7:32  Drone  
  83  7:34  Drone  
  83  7:35  Drone x3, Extractor  
  87  7:39  Hydralisk  
  87  7:41  Hydralisk  
  87  7:43  Hydralisk  
  93  7:44  Infestation Pit  
  93  7:46  Hydralisk  
  93  7:47  Hydralisk  
  96  7:53  Centrifical Hooks  
  96  7:56  Hydralisk x2  
  100  7:58  Hydralisk  
  102  8:07  Hydralisk  
  102  8:08  Hydralisk  
  106  8:13  Drone x6  
  106  8:14  Drone x2  
  106  8:18  Overlord x2  
  114  8:30  Hive  
  114  8:32  Drone x6  
  120  8:36  Grooved Spines  
  120  8:43  Overseer  
  120  8:45  Zerg Missile Weapons Level 2  
  120  8:57  Lurker x3  
  120  8:58  Zergling x2  
  120  8:59  Zergling x32  
  120  9:02  Extractor x2  
  138  9:03  Spore Crawler  
  138  9:04  Spore Crawler  
  134  9:17  Drone x4  
  136  9:18  Drone x2, Queen  
  136  9:19  Overlord x3  
  136  9:23  Lurker x2  
  136  9:24  Lurker x3  
  147  9:28  Drone x2  
  149  9:44  Zergling x22  
  160  9:47  Adaptive Talons  
  160  9:48  Zerg Ground Armor Level 2  
  160  9:50  Hydralisk x2  
  164  10:05  Hydralisk x6  
  150  10:14  Hydralisk x4  
  150  10:16  Zergling x4  
  149  10:22  Hydralisk x3  
  149  10:23  Hydralisk  
  149  10:24  Zergling x4  
  159  10:32  Spine Crawler  
  159  10:33  Spine Crawler, Hydralisk  
  159  10:34  Spine Crawler  
  159  10:35  Hydralisk x2  
  162  10:36  Hydralisk x2  
  162  10:39  Hydralisk  
  162  10:40  Hydralisk  
  162  10:41  Hydralisk  
  172  10:48  Hydralisk x3  
  169  10:51  Hydralisk  
  169  10:57  Hydralisk x3  
  169  10:59  Hydralisk  
  168  11:05  Hydralisk x2  
  168  11:06  Hydralisk  
  168  11:08  Zergling x10  
  176  11:23  Overlord x3  
  176  11:24  Overlord x2  
  176  11:40  Hydralisk  
  176  11:41  Hydralisk  
  176  11:45  Hydralisk  
  162  11:52  Hydralisk x8  
  168  11:55  Hydralisk  
  168  11:56  Hydralisk x2  
  168  11:59  Hydralisk  
  157  12:05  Zerg Missile Weapons Level 3  
  157  12:06  Zerg Ground Armor Level 3  
  147  12:40  Lurker x7  
  147  12:41  Lurker  
  155  13:00  Zergling x38  
  155  13:01  Hatchery, Extractor  
  155  13:03  Extractor  
  155  13:04  Lurker x5, Extractor  
  175  13:14  Hatchery  
  174  13:20  Drone x5  
  174  13:21  Drone x2  
  181  13:30  Extractor  
  180  13:34  Spire  
  180  13:35  Spire  
  180  13:37  Baneling  
  180  13:38  Baneling x13  
  180  13:39  Baneling  
  180  13:40  Baneling  
  178  13:47  Hydralisk x3  
  183  14:02  Overseer  
  183  14:03  Overseer x2  
  169  14:30  Hydralisk  
  169  14:31  Hydralisk x15  
  130  14:33  Hydralisk  
  120  14:52  Queen x4  
  122  14:53  Queen x2  
  122  14:56  Corruptor x2  
  122  14:57  Corruptor x3  
  142  15:05  Drone x7  
  142  15:06  Drone  
  150  15:08  Drone x3  
  150  15:09  Drone x3  
  150  15:10  Corruptor x3  
  162  15:15  Lurker  
  163  15:22  Corruptor x2  
  163  15:27  Greater Spire  
  167  15:32  Lurker  
  168  15:37  Hydralisk x4  
  168  15:39  Hydralisk  
  178  15:44  Spine Crawler  
  178  15:45  Spine Crawler  
  178  15:47  Spine Crawler x2  
  178  15:48  Spore Crawler  
  173  16:06  Lurker x5  
  173  16:07  Lurker x4  
  173  16:08  Hydralisk  
  173  16:11  Hydralisk x2  
  184  16:13  Hydralisk  
  190  16:20  Hydralisk x2  
  183  16:30  Hydralisk  
  183  16:31  Hydralisk x2  
  169  16:33  Hydralisk  
  169  16:34  Hydralisk x8  
  169  16:35  Hydralisk, Corruptor x2  
  193  16:48  Hydralisk  
  187  16:55  Corruptor  
  187  16:57  Corruptor  
  187  16:58  Corruptor  
  187  17:01  Hydralisk x2  
  158  17:04  Hydralisk  
  158  17:05  Hydralisk x6  
  158  17:08  Lurker  
  169  17:25  Corruptor x4  
  169  17:29  Hydralisk x2  
  170  17:31  Hydralisk  
  170  17:36  Hydralisk  
  170  17:37  Swarm Host  
  157  17:45  Hydralisk  
  157  17:46  Hydralisk  
  157  17:47  Hydralisk  
  155  17:51  Hydralisk  
  155  17:52  Hydralisk x5  
  163  18:01  Hydralisk x2  
  167  18:10  Extractor  
  167  18:11  Hydralisk x3  
  170  18:13  Hatchery  
  170  18:18  Lurker x2  
  170  18:19  Drone x2, Lurker  
  175  18:20  Drone x3  
  175  18:21  Drone  
  178  18:42  Overlord  
  178  18:43  Overlord x2  
  178  18:45  Hatchery, Brood Lord  
  178  18:47  Extractor  
  178  18:49  Extractor  
  178  18:52  Brood Lord x2  
  178  18:55  Brood Lord  
  183  18:59  Brood Lord  
  185  19:03  Brood Lord  
  187  19:23  Overseer x2  
  187  19:26  Hydralisk x3  
  187  19:28  Hydralisk x2  
  187  19:29  Hydralisk  
  183  19:49  Hydralisk  
  183  19:50  Hydralisk  
  183  19:51  Hydralisk x4  
  164  19:53  Hydralisk  
  165  20:11  Hydralisk x3  
  165  20:13  Lurker  
  172  20:15  Lurker  
  173  20:27  Brood Lord x2  
  177  20:31  Lurker x3  
  172  20:43  Hydralisk x2  
  172  20:45  Hydralisk  
  172  20:49  Hydralisk  
  180  20:53  Lurker x2  
  180  20:54  Lurker  
  183  21:09  Hydralisk x2  
  183  21:10  Hydralisk x2  
  165  21:20  Hydralisk x2  
  160  21:33  Hydralisk x4  
  160  21:39  Hydralisk  
  162  21:45  Hydralisk  
  166  21:47  Hydralisk  
Show
View Real Time Build Order
Export as new Build Order

SKultra Protoss 

Build Orders: 1 Gate Expand, Oracle Opening 

Get SALT Encoding   

  12  0:01  Probe  
  13  0:13  Probe  
  14  0:19  Pylon  
  14  0:25  Probe  
  15  0:37  Probe  
  15  0:40  Gateway  
  16  0:49  Probe  
  17  0:51  Assimilator  
  17  1:01  Probe  
  18  1:13  Probe  
  19  1:24  Nexus  
  19  1:33  Cybernetics Core  
  19  1:38  Probe  
  19  1:39  Assimilator  
  19  1:47  Probe  
  20  1:53  Pylon  
  21  1:56  Probe  
  21  2:00  Warp Gate  
  22  2:08  Probe  
  23  2:12  Stalker  
  25  2:20  Probe  
  26  2:32  Probe  
  26  2:36  Probe  
  28  2:40  Stargate  
  28  2:44  Probe  
  28  2:50  Gateway  
  28  2:51  Probe  
  30  2:55  Probe  
  31  2:59  Probe  
  31  3:03  Probe  
  32  3:08  Probe  
  32  3:11  Probe  
  32  3:12  Shield Battery  
  34  3:14  Oracle  
  34  3:18  Probe  
  35  3:23  Probe  
  40  3:30  Probe  
  40  3:31  Pylon  
  41  3:35  Probe  
  41  3:40  Oracle  
  42  3:42  Probe  
  42  3:44  Assimilator  
  42  3:46  Assimilator  
  42  3:47  Probe  
  44  3:55  Probe  
  48  4:01  Gateway, Probe  
  49  4:07  Probe  
  49  4:09  Pylon, Phoenix  
  50  4:13  Probe  
  51  4:22  Robotics Facility  
  53  4:25  Pylon  
  53  4:34  Probe x2  
  55  4:41  Oracle  
  58  4:51  Nexus  
  58  4:53  Pylon  
  58  4:57  Robotics Facility, Probe  
  59  5:11  Probe  
  60  5:18  Probe  
  65  5:23  Probe  
  65  5:26  Zealot  
  65  5:27  Zealot x2  
  65  5:28  Immortal  
  71  5:30  Probe  
  72  5:42  Pylon  
  69  5:46  Probe  
  69  5:47  Pylon  
  56  5:52  Probe  
  56  5:56  Probe  
  55  6:02  Probe  
  55  6:04  Probe x2  
  55  6:08  Immortal  
  55  6:10  Immortal, Probe  
  66  6:13  Probe  
  66  6:16  Probe  
  69  6:21  Probe  
  69  6:25  Probe  
  71  6:28  Robotics Bay  
  71  6:29  Probe  
  72  6:34  Probe  
  72  6:37  Probe x2  
  74  6:45  Probe  
  74  6:46  Probe  
  76  6:47  Observer  
  76  6:49  Probe  
  79  6:55  Probe  
  79  6:58  Probe  
  81  7:01  Probe  
  81  7:05  Immortal, Extended Thermal Lance  
  81  7:07  Probe  
  87  7:10  Assimilator, Probe  
  87  7:13  Probe  
  87  7:14  Assimilator  
  89  7:19  Pylon, Probe  
  90  7:26  Colossus, Pylon  
  90  7:34  Colossus  
  90  7:35  Forge  
  96  7:37  Pylon  
  96  7:40  Probe x2  
  96  7:41  Pylon  
  98  7:44  Probe  
  105  7:52  Probe x2  
  105  7:56  Probe  
  108  8:02  Pylon  
  108  8:04  Probe x2  
  110  8:06  Twilight Council  
  110  8:08  Probe  
  111  8:13  Colossus  
  111  8:14  Pylon  
  111  8:15  Colossus  
  111  8:16  Probe  
  111  8:17  Gateway  
  111  8:19  Gateway  
  112  8:21  Shield Battery  
  112  8:23  Protoss Ground Weapons Level 1  
  124  8:43  Templar Archives, Charge  
  124  8:47  Gateway  
  124  8:48  Pylon  
  124  8:55  Photon Cannon  
  124  9:02  Warp Prism  
  124  9:07  Psionic Storm  
  126  9:10  Nexus  
  126  9:12  Pylon  
  126  9:13  Immortal  
  130  9:21  Forge  
  130  9:23  High Templar x3  
  136  9:30  Gateway  
  136  9:32  Gateway  
  136  9:33  Pylon  
  136  9:34  High Templar x2  
  136  9:38  Immortal  
  140  9:43  Immortal  
  148  9:55  Shield Battery  
  148  9:57  Protoss Ground Armor Level 1  
  148  9:58  Photon Cannon  
  148  9:59  Pylon  
  148  10:05  Gateway  
  148  10:07  Gateway  
  103  10:26  Immortal x2  
  111  10:31  High Templar x4  
  119  10:39  Zealot  
  121  10:45  Stalker  
  123  10:52  Nexus  
  123  10:55  Pylon  
  123  11:01  Immortal  
  120  11:06  Observer  
  123  11:14  Stalker x3  
  123  11:15  Zealot  
  125  11:28  Protoss Ground Weapons Level 2  
  106  12:01  Archon  
  106  12:04  Zealot x2  
  106  12:05  Zealot x5  
  128  12:09  Observer  
  128  12:11  Observer  
  122  12:20  Nexus  
  122  12:27  Immortal x2  
  126  12:42  Nexus  
  126  12:43  Pylon  
  126  12:44  High Templar x2  
  128  12:45  High Templar  
  132  13:00  Pylon  
  132  13:03  Protoss Ground Armor Level 2  
  132  13:05  Immortal x2  
  132  13:07  Blink  
  140  13:28  Probe  
  140  13:32  Gateway  
  141  13:41  Assimilator  
  141  13:43  Assimilator  
  141  13:46  Probe x2  
  147  13:48  Immortal x2  
  151  14:02  Zealot x3  
  153  14:03  Zealot x4  
  141  14:27  Archon  
  141  14:29  Zealot x3  
  141  14:30  Zealot  
  131  14:31  Colossus  
  113  14:44  Probe x3  
  113  14:45  Probe  
  123  14:48  Assimilator  
  123  14:52  Assimilator  
  123  14:53  Colossus  
  123  14:58  High Templar x5  
  133  15:04  Probe  
  140  15:12  Protoss Ground Weapons Level 3  
  140  15:20  Immortal  
  144  15:33  Pylon  
  144  15:34  Gateway  
  144  15:35  Probe x2  
  146  15:37  Shield Battery  
  146  15:41  Pylon  
  146  15:45  High Templar x4  
  146  15:46  Immortal  
  154  15:53  Archon  
  154  15:54  Archon  
  154  15:55  Stalker  
  160  16:01  Stalker  
  160  16:02  Stalker  
  164  16:05  Probe x2  
  164  16:06  Probe  
  150  16:34  High Templar x2  
  150  16:38  Stalker x5  
  150  16:39  Stalker x2  
  168  16:47  Dark Shrine  
  168  16:48  Nexus  
  168  16:52  Pylon  
  154  16:57  Archon  
  132  17:10  Stalker x6  
  144  17:17  High Templar x2  
  112  17:52  Colossus x2  
  112  17:54  Zealot x4  
  112  17:55  Zealot x5  
  136  18:04  Probe x2  
  130  18:15  Probe  
  130  18:17  High Templar  
  130  18:18  High Templar x2  
  137  18:20  Probe x2  
  139  18:30  Assimilator  
  139  18:34  Assimilator  
  139  18:42  Immortal x2  
  139  18:45  Dark Templar  
  139  18:46  Dark Templar x2  
  139  18:47  Zealot x3  
  159  18:55  Stalker x3  
  161  19:01  Pylon  
  165  19:07  Shield Battery, Photon Cannon  
  165  19:08  Photon Cannon  
  165  19:11  Nexus  
  165  19:15  Pylon, Dark Templar  
  137  19:54  Colossus x2  
  137  19:55  Stalker x2  
  137  19:56  Stalker x5  
  147  20:15  High Templar x2  
  151  20:32  Assimilator  
  144  20:36  Assimilator  
  144  20:38  Shield Battery  
  144  20:39  Photon Cannon  
  130  20:43  Stalker x4  
  130  20:45  Stalker x3  
  136  20:51  Observer x2  
  136  20:53  Stalker x2  
  129  21:15  Stalker x4  
  129  21:16  Stalker x4  
  101  21:41  Stalker x3  
  101  21:46  Stalker x3  
Tags
 
Add a new tag
Caveats
  • Supply blocks, unpowered buildings, or Contaminate may cause inaccurate times.
  • Supply counts are checked every 10 seconds.